 Dungeon Sprint DCSS version 0.16-a0-4008-gc88e425 (webtiles) character file.

11974 PolkaDot the Stickfighter (level 11, 0/169 HPs)
             Began as a Red Draconian Gladiator on Feb 16, 2015.
             Was the Champion of Qazlal.
             Succumbed to a ghost moth's poison
             ... in the Dungeon (Sprint VII: "The Pits").
             The game lasted 00:09:41 (1753 turns).

PolkaDot the Stickfighter (Red Draconian Gladiator) Turns: 1753, Time: 00:09:42

Health: 0/169      AC: 10    Str: 22 (23) XL:     11   Next: 56%
Magic:  1/20       EV: 20    Int: 15      God:    Qazlal [******]
Gold:   0          SH:  8    Dex: 13 (14) Spells: 0 memorised, 10 levels left

rFire  + . .     SeeInvis +     t - +4 quarterstaff of Calamity {crush, MP+9 SInv}
rCold  . . .     Clarity  .     (armour unavailable)
rNeg   . . .     SustAb   .     (no shield)
rPois  .         Gourm    .     c - +0 hat
rElec  .         Spirit   .     (no cloak)
rCorr  .         Warding  .     (no gloves)
rMut   .         NoTele   +     (no boots)
MR     .....                    (no amulet)
Stlth  ..........               s - +3 ring of dexterity
                                a - +3 ring of intelligence

@: berserking, lethally poisoned (0 -> -40), short of breath, protected from
physical damage, repel missiles, very quick, not resistant to hostile
enchantments, extremely unstealthy
A: breathe fire, unfitting armour, fire resistance 1, cold-blooded, AC +7
a: Breathe Fire, Upheaval, Elemental Force, Disaster Area, Renounce Religion


You were in the Dungeon.
You worshipped Qazlal.
Qazlal was exalted by your worship.
You were not hungry.

You visited 1 branch

Inventory:

Hand weapons
 t - the +4 quarterstaff of Calamity (weapon) {crush, MP+9 SInv}
   (You found it in the Dungeon)

   It inflicts extra damage upon your enemies.
   It affects your magic capacity (+9).
   It enhances your eyesight.
Missiles
 d - 3 throwing nets (quivered)
Armour
 c - a +0 hat (worn)
Jewellery
 a - a +3 ring of intelligence (left hand)
 h - an uncursed ring of magical power
 s - a +3 ring of dexterity (right hand)
Scrolls
 k - a scroll of blinking
 n - 3 scrolls of remove curse
 o - 5 scrolls of amnesia
 p - a scroll of summoning
Potions
 e - 7 potions of curing
 g - a potion of heal wounds
 i - 4 potions of magic
 j - a potion of berserk rage
Comestibles
 b - 39 fruits
 f - 8 bread rations
 l - 6 meat rations
 m - 9 chunks of flesh


   Skills:
 + Level 15.5 Fighting
 * Level 19.3 Staves
 - Level 1.7 Throwing
 + Level 13.5 Dodging


You had 10 spell levels left.
You didn't know any spells.

Dungeon Overview and Level Annotations

Branches:
Dungeon (1/1)

Altars:
Ashenzari
Cheibriados
Dithmenos
Elyvilon
Fedhas
Gozag
Kikubaaqudgha
Makhleb
Nemelex Xobeh
Okawaru
Qazlal
Ru
Sif Muna
Trog
Vehumet
Xom
Yredelemnul
Zin
The Shining One
Beogh
Jiyva
Lugonu


Innate Abilities, Weirdness & Mutations

You can breathe blasts of fire.
Your fiery red scales are hard (AC +7).
Your body does not fit into most forms of armour.
Your flesh is heat resistant.
Your cold-blooded metabolism reacts poorly to cold.


Message History

The wind drake bites you but does no damage.
The slime creature is engulfed in roaring flames.
A slime creature comes into view.
The slime creature quivers.
You bludgeon Agnes!!
You kill Agnes!
Qazlal accepts your kill.
Your Fighting skill increases to level 15!
Your Staves skill increases to level 19!
Your Dodging skill increases to level 13!
* * * LOW HITPOINT WARNING * * *
You feel sick.
You sock the ghost moth!
You kill the ghost moth!
Qazlal accepts your kill.
* * * LOW HITPOINT WARNING * * *
You feel sick. The wind drake misses you.
You hit the wind drake.
The wind drake is lightly wounded.
You die...

##################
#@†J....J.........
#)k.....J..)......
#(f#######)#######
#((# (#[# #..# J#
#W# #.÷# y# #J#
#..# c# #t# #..#
.# #J
#..###############


You could see 3 slime creatures, a wind drake and a wandering mushroom.

Vanquished Creatures
  Agnes (D)
  2 ghost moths (D)
  A dire elephant (D)
  An eidolon (D)
  Josephine (D)
  2 deep elf knights (D)
  2 shadow wraiths (D)
  A hornet (D)
  An orange demon (D)
  A guardian mummy (D)
  A deep elf priest (D)
  A snapping turtle (D)
  4 slime creatures (D)
  A raven (D)
  A trapdoor spider (D)
  A deep elf fighter (D)
  2 wraiths (D)
  A hippogriff (D)
  A hungry ghost (D)
  A wolf (D)
  An ice beast (D)
  A centaur (D)
  A big kobold (D)
  An earth elemental (D)
  5 wights (D)
  A hound (D)
  An iron imp (D)
  A sheep (D)
  An adder zombie (D)
  An adder skeleton (D)
  4 giant cockroaches (D)
  5 jackals (D)
  3 quokkas (D)
  2 giant gecko zombies (D)
  A giant newt (D)
56 creatures vanquished.

Vanquished Creatures (others)
  A mummy priest (D)
  A death ooze (D)
  A deep elf high priest (D)
3 creatures vanquished.

Grand Total: 59 creatures vanquished

Notes
Turn   | Place    | Note
--------------------------------------------------------------
     0 | D        | PolkaDot, the Draconian Gladiator, began the quest for the Orb.
     0 | D        | Reached XP level 1. HP: 17/17 MP: 1/1
     6 | D        | Killed a death ooze
     7 | D        | Killed a deep elf high priest
     8 | D        | Killed a mummy priest
    23 | D        | Found a sacrificial altar of Ru.
    23 | D        | Found a basalt altar of Yredelemnul.
    23 | D        | Found a shadowy altar of Dithmenos.
    23 | D        | Found a deep blue altar of Sif Muna.
    23 | D        | Found a burning altar of Makhleb.
    23 | D        | Found a shimmering altar of Xom.
    23 | D        | Found an ancient bone altar of Kikubaaqudgha.
    23 | D        | Found a sparkling altar of Nemelex Xobeh.
    24 | D        | Found a glowing golden altar of the Shining One.
    24 | D        | Found a bloodstained altar of Trog.
    24 | D        | Found a shattered altar of Ashenzari.
    24 | D        | Found a white marble altar of Elyvilon.
    24 | D        | Found a snail-covered altar of Cheibriados.
    24 | D        | Found a blossoming altar of Fedhas.
    24 | D        | Found a radiant altar of Vehumet.
    24 | D        | Found a glowing silver altar of Zin.
    24 | D        | Found a corrupted altar of Lugonu.
    24 | D        | Found a viscous altar of Jiyva.
    24 | D        | Found a roughly hewn altar of Beogh.
    24 | D        | Found an iron altar of Okawaru.
    30 | D        | Found a stormy altar of Qazlal.
    30 | D        | Found an opulent altar of Gozag.
    34 | D        | Became a worshipper of Qazlal Stormbringer
   250 | D        | Acquired Qazlal's first power
   250 | D        | Reached skill level 4 in Staves
   256 | D        | Reached XP level 2. HP: 23/26 MP: 2/2
   342 | D        | Acquired Qazlal's second power
   529 | D        | Noticed a wight
   529 | D        | Noticed a wight
   529 | D        | Noticed a wight
   529 | D        | Noticed a wolf
   530 | D        | Noticed a wight
   531 | D        | Noticed a wight
   538 | D        | Noticed an iron imp
   552 | D        | HP: 1/39 [wolf (4)]
   553 | D        | Killed a wolf
   553 | D        | Acquired Qazlal's third power
   553 | D        | Reached skill level 5 in Fighting
   553 | D        | Reached skill level 7 in Staves
   553 | D        | Reached skill level 5 in Dodging
   553 | D        | Reached XP level 3. HP: 1/37 MP: 3/3
   553 | D        | Reached XP level 4. HP: 1/44 MP: 4/4
   569 | D        | Killed a wight
   569 | D        | Reached skill level 8 in Staves
   569 | D        | Reached XP level 5. HP: 44/51 MP: 5/5
   572 | D        | Killed a wight
   573 | D        | Acquired Qazlal's fourth power
   577 | D        | Killed a wight
   577 | D        | Reached skill level 9 in Staves
   580 | D        | Killed a wight
   580 | D        | Reached XP level 6. HP: 33/60 MP: 6/6
   583 | D        | Noticed an ice beast
   589 | D        | Killed an iron imp
   617 | D        | Killed a wight
   617 | D        | Acquired Qazlal's fifth power
   617 | D        | Reached skill level 10 in Staves
   630 | D        | Killed an ice beast
   726 | D        | Noticed a raven
   733 | D        | Killed a raven
   733 | D        | Reached skill level 11 in Staves
   733 | D        | Your scales start taking on a fiery red colour.
   733 | D        | Gained mutation: Your flesh is heat resistant. [draconian maturity]
   733 | D        | Reached XP level 7. HP: 56/70 MP: 7/7
   739 | D        | Noticed a big kobold
   739 | D        | Noticed a hound
   739 | D        | Noticed a hungry ghost
   744 | D        | Killed a hungry ghost
   744 | D        | Reached skill level 12 in Staves
   759 | D        | Killed a hound
   776 | D        | Killed a big kobold
   787 | D        | Noticed a guardian mummy
   787 | D        | Noticed a deep elf fighter
   800 | D        | Killed a guardian mummy
   800 | D        | Reached skill level 10 in Fighting
   800 | D        | Reached XP level 8. HP: 55/79 MP: 8/8
   802 | D        | Killed a deep elf fighter
  1071 | D        | Got the +4 quarterstaff of Calamity {crush, MP+9 SInv}
  1140 | D        | Noticed a trapdoor spider
  1140 | D        | Noticed an orange demon
  1148 | D        | Killed a trapdoor spider
  1148 | D        | Reached skill level 13 in Staves
  1149 | D        | Killed an orange demon
  1458 | D        | Noticed an earth elemental
  1458 | D        | Noticed Josephine
  1458 | D        | Noticed a wraith
  1458 | D        | Noticed a slime creature
  1458 | D        | Noticed an eidolon
  1458 | D        | Noticed Agnes
  1458 | D        | Noticed a dire elephant
  1458 | D        | Noticed a slime creature
  1458 | D        | Noticed a centaur
  1458 | D        | Noticed a snapping turtle
  1460 | D        | Noticed a slime creature
  1467 | D        | Noticed a shadow wraith
  1469 | D        | Killed a slime creature
  1469 | D        | Reached skill level 14 in Staves
  1470 | D        | Noticed a slime creature
  1472 | D        | Noticed a ghost moth
  1479 | D        | Noticed a deep elf priest
  1480 | D        | Killed Josephine
  1480 | D        | Reached skill level 10 in Dodging
  1480 | D        | Reached XP level 9. HP: 78/90 MP: 9/9
  1483 | D        | Killed a slime creature
  1483 | D        | Reached skill level 15 in Staves
  1484 | D        | Noticed a hornet
  1487 | D        | Noticed a deep elf knight
  1489 | D        | Noticed a shadow wraith
  1492 | D        | Noticed a slime creature
  1495 | D        | Killed a shadow wraith
  1500 | D        | Killed an earth elemental
  1509 | D        | Killed a hornet
  1511 | D        | Killed a deep elf priest
  1511 | D        | Reached XP level 10. HP: 70/100 MP: 0/10
  1517 | D        | Killed a slime creature
  1517 | D        | Reached skill level 16 in Staves
  1526 | D        | Killed an eidolon
  1527 | D        | Noticed a deep elf knight
  1530 | D        | Noticed a wraith
  1535 | D        | Noticed a wind drake
  1558 | D        | Killed a dire elephant
  1558 | D        | Reached skill level 17 in Staves
  1563 | D        | Killed a deep elf knight
  1567 | D        | Killed a shadow wraith
  1572 | D        | Killed a wraith
  1578 | D        | Noticed a ghost moth
  1588 | D        | Killed a ghost moth
  1588 | D        | Reached skill level 18 in Staves
  1588 | D        | Reached XP level 11. HP: 37/111 MP: 1/11
  1634 | D        | Noticed a hippogriff
  1642 | D        | Killed a hippogriff
  1664 | D        | Killed a snapping turtle
  1674 | D        | Killed a slime creature
  1717 | D        | Noticed a wraith
  1721 | D        | Noticed a wandering mushroom
  1728 | D        | Killed a deep elf knight
  1729 | D        | Killed a wraith
  1739 | D        | Killed a centaur
  1750 | D        | Noticed a slime creature
  1750 | D        | HP: 4/166 [ghost moth (8)]
  1751 | D        | Noticed a slime creature
  1751 | D        | Killed Agnes
  1751 | D        | Reached skill level 15 in Fighting
  1751 | D        | Reached skill level 19 in Staves
  1752 | D        | Killed a ghost moth
  1753 | D        | Succumbed to a ghost moth's poison

Action                   |  1- 3 |  4- 6 |  7- 9 | 10-12 || total
-------------------------+-------+-------+-------+-------++-------
Melee: Quarterstaff      |    48 |    50 |    92 |    84 ||   274
Throw: Throwing net      |       |       |     2 |       ||     2
 Abil: Breathe Fire      |       |       |     2 |     4 ||     6
  Use: Potion            |     3 |     3 |     3 |    11 ||    20
 Stab: Invisible         |       |     8 |     8 |       ||    16
  Eat: Chunk             |       |       |     2 |       ||     2
       Fruit             |       |       |     1 |       ||     1
       Meat ration       |       |       |       |     1 ||     1
